[Event "African Games Rapid Open 2019"]
[Site "Casablanca"]
[Date "2019.08.27"]
[Round "6.9"]
[White "Mesfin, Leykun"]
[Black "Osunfuyi, Abimbola"]
[Result "0-1"]
[ECO "B44"]
[WhiteElo "2151"]
[BlackElo "2235"]
[Annotator "NA"]
[PlyCount "108"]
[EventDate "2019.08.26"]
[EventType "team-tourn"]
[EventCountry "MAR"]
[SourceTitle "playchess.com"]
[Source "ChessBase"]
[SourceQuality "1"]
[TimeControl "900+10"]

1. e4 c5 2. Nf3 e6 3. d4 cxd4 4. Nxd4 Nc6 5. Nxc6 bxc6 6. Bd3 d5 7. O-O Nf6 8. e5 Nd7 9. Re1 g6 10. c4 Bg7 11. cxd5 cxd5 12. Bf4 O-O 13. Nd2 Rb8 14. b3 Qa5 15. Nf3 Ba6 16. Bxa6 Qxa6 17. Qd2 Nc5 18. Bh6 Ne4 19. Qf4 Qb6 20. Rf1 Bxh6 21. Qxh6 f6 22. exf6 Rxf6 23. Qe3 Qa5 24. Ne5 Rc8 25. Ng4 Rff8 26. f3 Nc5 27. Qd4 h5 28. Nf6+ Kf7 29. b4 Qa4 30. Nxd5 exd5 31. Qxd5+ Ne6 32. Rfe1 Qc6 33. Qb3 Qc4 34. Qa4 Qd4+ 35. Kh1 Rc7 36. Rad1 Qc3 37. h3 Rd8 38. Rb1 Rd2 39. Qa6 Qc4 40. Qa5 Qd5 41. Qa4 Rxa2 42. Rbd1 Rxa4 43. Rxd5 Rxb4 44. Rd6 Re7 45. g4 h4 46. Ra6 Rb6 47. Ra4 a6 48. f4 Nc5 49. Rxe7+ Kxe7 50. Ra3 Rb3 51. Ra5 Rxh3+ 52. Kg2 Rg3+ 53. Kf2 Kd6 54. f5 gxf5 0-1

[Event "African Games Rapid Open 2019"]
[Site "Casablanca"]
[Date "2019.08.27"]
[Round "6.10"]
[White "Silva, David"]
[Black "Ebosse, Kingue Victor Patric"]
[Result "0-1"]
[ECO "B90"]
[WhiteElo "2239"]
[BlackElo "2055"]
[Annotator "NA"]
[PlyCount "105"]
[EventDate "2019.08.26"]
[EventType "team-tourn"]
[EventCountry "MAR"]
[SourceTitle "playchess.com"]
[Source "ChessBase"]
[SourceQuality "1"]
[TimeControl "900+10"]

1. e4 c5 2. Nf3 d6 3. d4 cxd4 4. Nxd4 Nf6 5. Nc3 a6 6. a3 e5 7. Nf5 d5 8. Bg5 Bxf5 9. exf5 d4 10. Bxf6 gxf6 11. Ne4 Nd7 12. Bc4 Rc8 13. Ba2 h5 14. O-O Qc7 15. b4 Qc6 16. Qf3 h4 17. c3 Bh6 18. cxd4 exd4 19. Rfe1 Kf8 20. Qh5 Ne5 21. f4 Bg7 22. Qd1 Nc4 23. Bxc4 Qxc4 24. Nd6 Qc6 25. Rc1 Qxc1 26. Re8+ Rxe8 27. Qxc1 Ra8 28. Qc7 Kg8 29. Qxf7+ Kh7 30. Qg6+ Kg8 31. Ne8 Rxe8 32. Qxe8+ Kh7 33. Qh5+ Kg8 34. Qd1 h3 35. g4 Rh4 36. Kf2 Bf8 37. Kg3 Rh8 38. Qxd4 Bg7 39. g5 fxg5 40. Qd5+ Kh7 41. fxg5 Rg8 42. Qf7 Rf8 43. Qh5+ Kg8 44. f6 Bxf6 45. gxf6 Rxf6 46. Qxh3 Rc6 47. Qg4+ Kf8 48. Qf3+ Kg7 49. Qxc6 bxc6 50. Kf4 Kf6 51. Ke4 Ke6 52. Kd4 Kd6 53. h4 0-1

[Event "African Games Rapid Open 2019"]
[Site "Casablanca"]
[Date "2019.08.27"]
[Round "6.14"]
[White "Mushore, Emarald Takudzwa"]
[Black "Marie, Patrick"]
[Result "1-0"]
[ECO "B35"]
[WhiteElo "2198"]
[BlackElo "1921"]
[Annotator "ChessBase"]
[PlyCount "42"]
[EventDate "2019.08.26"]
[EventType "team-tourn"]
[EventCountry "MAR"]
[SourceTitle "playchess.com"]
[Source "ChessBase"]
[SourceQuality "1"]
[TimeControl "900+10"]

1. e4 c5 2. Nf3 Nc6 3. Nc3 g6 4. d4 cxd4 5. Nxd4 Bg7 6. Be3 Nf6 7. Bc4 O-O 8. Bb3 d6 9. O-O Bd7 10. h3 Rc8 11. Qd2 a6 12. Rad1 Qa5 13. f4 Nxd4 14. Bxd4 Bc6 15. e5 Nh5 16. Qe3 Bh6 17. Bb6 Qb4 18. a3 Bxf4 19. axb4 Bxe3+ 20. Bxe3 d5 21. Nxd5 Ng3 1-0

[Event "African Games Rapid Open 2019"]
[Site "Casablanca"]
[Date "2019.08.27"]
[Round "6.15"]
[White "Gohil, Mehul"]
[Black "Rita, Jeorciley"]
[Result "1-0"]
[ECO "D35"]
[WhiteElo "2076"]
[BlackElo "1920"]
[Annotator "NA"]
[PlyCount "125"]
[EventDate "2019.08.26"]
[EventType "team-tourn"]
[EventCountry "MAR"]
[SourceTitle "playchess.com"]
[Source "ChessBase"]
[SourceQuality "1"]
[TimeControl "900+10"]

1. d4 e6 2. c4 d5 3. Nc3 Nf6 4. cxd5 exd5 5. Bg5 Be7 6. Qc2 c6 7. e3 Bg4 8. Bd3 Nbd7 9. Nge2 Bh5 10. O-O Bg6 11. f3 O-O 12. Rad1 Nh5 13. Bxe7 Qxe7 14. e4 Nhf6 15. e5 Bxd3 16. Qxd3 Ne8 17. f4 f6 18. Kh1 Nc7 19. Ng3 fxe5 20. dxe5 g6 21. Nce4 Ne6 22. Ne2 Ndc5 23. Nxc5 Qxc5 24. g3 Qb4 25. a3 Qe7 26. h4 Nc5 27. Qe3 Ne4 28. Nc3 Nxc3 29. Qxc3 Qe6 30. Kg2 h5 31. b4 a6 32. Qd3 Rf5 33. Rc1 Kg7 34. Qd4 Rf7 35. Rf2 Kh7 36. Rcf1 Rf5 37. Qb6 Qe7 38. Rc1 Rc8 39. Rd2 Rff8 40. Qd4 Qe6 41. Rdc2 Rc7 42. a4 Rfc8 43. b5 axb5 44. axb5 c5 45. Rxc5 Qd7 46. Rxc7 Rxc7 47. Rxc7 Qxc7 48. Qxd5 Qc2+ 49. Kf3 Qc3+ 50. Kf2 Qc2+ 51. Ke3 Qc1+ 52. Kd4 b6 53. Qb3 Qd2+ 54. Ke4 Qg2+ 55. Kd4 Qf2+ 56. Kd5 Qc5+ 57. Ke4 Qf2 58. e6 Qe2+ 59. Kd5 Qd2+ 60. Kc6 Qd8 61. Qd5 Qc8+ 62. Kxb6 Qb8+ 63. Qb7+ 1-0

[Event "African Games Rapid Open 2019"]
[Site "Casablanca"]
[Date "2019.08.27"]
[Round "6.16"]
[White "Asante Debesai Zerabruk"]
[Black "Gole, Habtamu Ashenafi"]
[Result "0-1"]
[ECO "B90"]
[WhiteElo "1712"]
[BlackElo "2046"]
[Annotator "NA"]
[PlyCount "94"]
[EventDate "2019.08.26"]
[EventType "team-tourn"]
[EventCountry "MAR"]
[SourceTitle "playchess.com"]
[Source "ChessBase"]
[SourceQuality "1"]
[TimeControl "900+10"]

1. e4 c5 2. Nf3 d6 3. d4 cxd4 4. Nxd4 Nf6 5. Nc3 a6 6. f3 e6 7. Be3 Nbd7 8. Qd2 Qc7 9. Bd3 b5 10. a3 Bb7 11. O-O Rc8 12. Rac1 Be7 13. Nce2 Ne5 14. Ng3 Nc4 15. Bxc4 Qxc4 16. Qd3 Qc7 17. Rfe1 O-O 18. Nf1 Nd7 19. Nb3 Ne5 20. Qe2 Nc4 21. Bd4 e5 22. Bc3 f5 23. Nbd2 Nxa3 24. exf5 Qb6+ 25. Kh1 Nc4 26. Nxc4 Rxc4 27. Ne3 Rcc8 28. Qd3 Qc5 29. Red1 Bg5 30. Bd2 d5 31. Nxd5 Bxd2 32. Rxd2 Rcd8 33. Nf6+ Kf7 34. Qb3+ Kxf6 35. Qe6+ Kg5 36. h4+ Kxh4 37. f6 Qc4 38. g3+ Kxg3 39. Rg2+ Kxf3 40. Qf5+ Ke3 41. Qf2+ Ke4 42. Re1+ Kd5 43. Rd1+ Ke6 44. Qb6+ Qc6 45. Qxc6+ Bxc6 46. Rxd8 Rxd8 47. fxg7 Rg8 0-1

[Event "African Games Rapid Open 2019"]
[Site "Casablanca"]
[Date "2019.08.27"]
[Round "6.17"]
[White "Eichab, Charles"]
[Black "Kouya, Tyeoulou Bernardin F"]
[Result "1-0"]
[ECO "A01"]
[WhiteElo "2016"]
[BlackElo "1770"]
[Annotator "NA"]
[PlyCount "45"]
[EventDate "2019.08.26"]
[EventType "team-tourn"]
[EventCountry "MAR"]
[SourceTitle "playchess.com"]
[Source "ChessBase"]
[SourceQuality "1"]
[TimeControl "900+10"]

1. b3 d5 2. e3 Nf6 3. Bb2 e6 4. f4 Be7 5. Nf3 h6 6. Be2 O-O 7. O-O c5 8. Ne5 Nbd7 9. d3 Qc7 10. Nd2 b6 11. Qe1 Kh7 12. Qg3 Bb7 13. Ndf3 Nh5 14. Qh3 g6 15. g4 Ng7 16. Nxd7 Qxd7 17. Ng5+ Bxg5 18. fxg5 h5 19. gxh5 Rh8 20. hxg6+ Kg8 21. gxf7+ Qxf7 22. Qxh8+ Kxh8 23. Rxf7 1-0

[Event "African Games Rapid Open 2019"]
[Site "Casablanca"]
[Date "2019.08.27"]
[Round "6.20"]
[White "Beukes, Dante M"]
[Black "Koualet-Bebondi, Vianney Archeveq"]
[Result "1-0"]
[ECO "C41"]
[WhiteElo "2130"]
[BlackElo "1679"]
[Annotator "NA"]
[PlyCount "103"]
[EventDate "2019.08.26"]
[EventType "team-tourn"]
[EventCountry "MAR"]
[SourceTitle "playchess.com"]
[Source "ChessBase"]
[SourceQuality "1"]
[TimeControl "900+10"]

1. e4 e5 2. Nf3 d6 3. d4 exd4 4. Qxd4 Bd7 5. Be3 Nc6 6. Qd2 Nf6 7. Nc3 Be7 8. O-O-O O-O 9. Kb1 a6 10. Nd4 b5 11. f3 Ne5 12. Nd5 c5 13. Nf5 Nxd5 14. Qxd5 Bxf5 15. exf5 Qc8 16. g4 Qc6 17. Be2 Qxd5 18. Rxd5 Nc6 19. f4 Rab8 20. Bf3 b4 21. g5 f6 22. g6 h6 23. Bf2 a5 24. Rd2 Na7 25. Re1 Nc8 26. Bd5+ Kh8 27. Be6 Rb7 28. Rde2 Nb6 29. Bf7 Nc8 30. Kc1 Rc7 31. Kd2 a4 32. a3 b3 33. cxb3 axb3 34. Kc3 c4 35. Be6 d5 36. Bxc8 Bd6 37. Be6 Bxf4 38. Bxd5 Bxh2 39. Bb6 Be5+ 40. Rxe5 fxe5 41. Bxc7 Rxf5 42. Rxe5 Rxe5 43. Bxe5 h5 44. Kxc4 h4 45. Kxb3 h3 46. Bd6 h2 47. a4 h1=Q 48. Bxh1 Kg8 49. a5 Kh8 50. a6 Kg8 51. a7 Kh8 52. a8=R# 1-0

[Event "African Games Rapid Open 2019"]
[Site "Casablanca"]
[Date "2019.08.27"]
[Round "6.21"]
[White "Yahi, Mohamed Salem"]
[Black "Espirito Santo, Waldyr"]
[Result "1-0"]
[ECO "A69"]
[WhiteElo "1928"]
[BlackElo "1923"]
[Annotator "NA"]
[PlyCount "42"]
[EventDate "2019.08.26"]
[EventType "team-tourn"]
[EventCountry "MAR"]
[SourceTitle "playchess.com"]
[Source "ChessBase"]
[SourceQuality "1"]
[TimeControl "900+10"]

1. d4 Nf6 2. c4 g6 3. Nc3 Bg7 4. e4 d6 5. f4 O-O 6. Nf3 c5 7. d5 e6 8. Be2 exd5 9. cxd5 Re8 10. Qc2 Na6 11. a3 Qe7 12. Bd3 c4 13. Bxc4 Nxe4 14. O-O Nxc3 15. bxc3 Bf5 16. Qd2 Qc7 17. Bxa6 bxa6 18. Bb2 Rab8 19. Rac1 Qb6+ 20. Nd4 Bxd4+ 21. cxd4 Qxb2 1-0

[Event "African Games Rapid Open 2019"]
[Site "Casablanca"]
[Date "2019.08.27"]
[Round "6.22"]
[White "Hassan, Abderrahmane"]
[Black "Kourakoumba, Florent"]
[Result "1-0"]
[ECO "A40"]
[WhiteElo "1786"]
[BlackElo "1677"]
[Annotator "NA"]
[PlyCount "111"]
[EventDate "2019.08.26"]
[EventType "team-tourn"]
[EventCountry "MAR"]
[SourceTitle "playchess.com"]
[Source "ChessBase"]
[SourceQuality "1"]
[TimeControl "900+10"]

1. d4 e6 2. Bf4 d6 3. e4 f6 4. Bd3 Be7 5. Nf3 Bd7 6. O-O e5 7. Be3 Nc6 8. h3 a6 9. a3 Bf8 10. Bc4 g6 11. dxe5 fxe5 12. Bg5 Be7 13. Qd5 Nh6 14. Bxh6 Qb8 15. Ng5 Bxg5 16. Bxg5 Rf8 17. Nc3 b5 18. Ba2 Ne7 19. Bxe7 Kxe7 20. f4 Qb6+ 21. Kh1 c6 22. Qd3 exf4 23. Rad1 Qc7 24. Qd2 g5 25. Rfe1 Rae8 26. e5 d5 27. Qd3 Bf5 28. Qd4 Kd8 29. Bxd5 cxd5 30. Nxd5 Qd7 31. Qb6+ Kc8 32. Qc5+ Kb8 33. Qb6+ Qb7 34. Qd6+ Ka7 35. Qc5+ Kb8 36. Nb4 Rc8 37. Qd6+ Ka7 38. Qd4+ Ka8 39. Nd5 Rxc2 40. Nb6+ Kb8 41. Qd6+ Ka7 42. Nd5 Rfc8 43. e6 R2c6 44. Qe7 Qxe7 45. Nxe7 Bxe6 46. Nxc8+ Rxc8 47. Rxe6 Rc7 48. Rdd6 h5 49. Rxa6+ Kb7 50. Reb6+ Kc8 51. Rc6 g4 52. Rxc7+ Kxc7 53. Rh6 f3 54. gxf3 gxf3 55. Rf6 h4 56. Kg1 1-0

[Event "African Games Rapid Open 2019"]
[Site "Casablanca"]
[Date "2019.08.27"]
[Round "7.4"]
[White "Osunfuyi, Abimbola"]
[Black "Mwale, Joseph"]
[Result "0-1"]
[ECO "A46"]
[WhiteElo "2235"]
[BlackElo "2231"]
[Annotator "NA"]
[PlyCount "66"]
[EventDate "2019.08.26"]
[EventType "team-tourn"]
[EventCountry "MAR"]
[SourceTitle "playchess.com"]
[Source "ChessBase"]
[SourceQuality "1"]
[TimeControl "900+10"]

1. d4 Nf6 2. Nf3 e6 3. g3 d5 4. Bg2 Be7 5. O-O O-O 6. c4 dxc4 7. Qc2 b5 8. a4 b4 9. Ng5 c6 10. Rd1 Ba6 11. e4 h6 12. Nh3 Qa5 13. Be3 Nbd7 14. Nd2 Nb6 15. Bf1 c5 16. Nf3 Bb7 17. Nd2 cxd4 18. Bxd4 Rac8 19. Bxb6 Qxb6 20. Bxc4 Ng4 21. b3 Bc5 22. Rf1 e5 23. Qd1 Qg6 24. Qe2 Rfd8 25. Rad1 Rd4 26. Kg2 Rcd8 27. Ng1 R4d6 28. h3 Nxf2 29. Rxf2 Bxf2 30. Qxf2 Bxe4+ 31. Ngf3 Bxf3+ 32. Nxf3 Rxd1 33. Nxe5 Qe4+ 0-1

[Event "African Games Rapid Open 2019"]
[Site "Casablanca"]
[Date "2019.08.27"]
[Round "7.5"]
[White "Hamdouchi, Hicham"]
[Black "Aderito, Pedro"]
[Result "1-0"]
[ECO "C06"]
[WhiteElo "2562"]
[BlackElo "2301"]
[Annotator "ChessBase"]
[PlyCount "81"]
[EventDate "2019.08.26"]
[EventType "team-tourn"]
[EventCountry "MAR"]
[SourceTitle "playchess.com"]
[Source "ChessBase"]
[SourceQuality "1"]
[TimeControl "900+10"]

1. e4 e6 2. d4 d5 3. Nd2 Nf6 4. e5 Nfd7 5. Bd3 c5 6. c3 Nc6 7. Ne2 cxd4 8. cxd4 f6 9. exf6 Nxf6 10. Nf3 Bd6 11. Bf4 O-O 12. O-O a6 13. a3 Ng4 14. Bxd6 Qxd6 15. Ng3 Qf4 16. h3 Nf6 17. Qc1 Ne8 18. Qxf4 Rxf4 19. Ne2 Rf8 20. Ne5 Nxe5 21. dxe5 Bd7 22. Rac1 g6 23. f4 Kf7 24. Kf2 Ke7 25. Ke3 Kd8 26. Nd4 Nc7 27. g4 Re8 28. h4 Rc8 29. h5 gxh5 30. gxh5 h6 31. Rg1 Rh8 32. Rg7 Ne8 33. Rxc8+ Kxc8 34. Rg6 Nc7 35. f5 Be8 36. f6 Kd8 37. Be2 Bf7 38. Rg7 Ke8 39. Kf4 Kf8 40. Bg4 Ke8 41. Bxe6 1-0

[Event "African Games Rapid Open 2019"]
[Site "Casablanca"]
[Date "2019.08.27"]
[Round "7.7"]
[White "Zaibi, Amir"]
[Black "Silva, David"]
[Result "0-1"]
[ECO "C28"]
[WhiteElo "2367"]
[BlackElo "2239"]
[Annotator "NA"]
[PlyCount "84"]
[EventDate "2019.08.26"]
[EventType "team-tourn"]
[EventCountry "MAR"]
[SourceTitle "playchess.com"]
[Source "ChessBase"]
[SourceQuality "1"]
[TimeControl "900+10"]

1. e4 e5 2. Bc4 Nc6 3. Nc3 Nf6 4. d3 Bc5 5. f4 d6 6. Nf3 Na5 7. f5 c6 8. Qe2 O-O 9. Bb3 d5 10. Bg5 d4 11. Nb1 Nxb3 12. axb3 Be7 13. Bxf6 Bxf6 14. h4 Re8 15. g4 Be7 16. Nbd2 Bf8 17. Kf2 a5 18. Nf1 b5 19. Ng3 c5 20. g5 Ra6 21. Rag1 a4 22. h5 c4 23. f6 axb3 24. fxg7 Bxg7 25. h6 Bh8 26. Nh5 Kf8 27. cxb3 c3 28. bxc3 dxc3 29. Qe3 Qb6 30. Qxb6 Rxb6 31. b4 Rd6 32. Ke3 Red8 33. Rd1 Bg4 34. Ng3 c2 35. Rd2 Bxf3 36. Kxf3 Rxd3+ 37. Rxd3 Rxd3+ 38. Kg2 Rd2+ 39. Ne2 Rxe2+ 40. Kf3 Rd2 41. Rc1 f6 42. Ke3 Rh2 0-1

[Event "African Games Rapid Open 2019"]
[Site "Casablanca"]
[Date "2019.08.27"]
[Round "7.8"]
[White "Makoto, Rodwell"]
[Black "Elarabi, Abobker Mohamed"]
[Result "1-0"]
[ECO "A06"]
[WhiteElo "2373"]
[BlackElo "2326"]
[Annotator "NA"]
[PlyCount "98"]
[EventDate "2019.08.26"]
[EventType "team-tourn"]
[EventCountry "MAR"]
[SourceTitle "playchess.com"]
[Source "ChessBase"]
[SourceQuality "1"]
[TimeControl "900+10"]

1. Nf3 d5 2. c4 c6 3. g3 Nf6 4. Bg2 g6 5. b3 Bg7 6. Bb2 O-O 7. O-O e6 8. d3 Nbd7 9. Nbd2 b6 10. e4 Bb7 11. Qe2 Re8 12. Rac1 Rc8 13. Rfd1 dxc4 14. Nxc4 Qc7 15. e5 Nd5 16. Nd6 Red8 17. Nxc8 Qxc8 18. Nd2 Qb8 19. d4 c5 20. Nc4 cxd4 21. Bxd4 Qa8 22. Qe1 Bf8 23. Nd6 Qb8 24. Nxb7 Qxb7 25. Bxd5 exd5 26. e6 Re8 27. exf7+ Kxf7 28. Qc3 Bc5 29. Qf3+ Kg8 30. Bxc5 Nxc5 31. Qxd5+ Qxd5 32. Rxd5 Re7 33. b4 Na6 34. a3 Nc7 35. Rd8+ Kf7 36. Rcd1 Nb5 37. R1d3 h5 38. a4 Nc7 39. R8d7 Na6 40. Rxe7+ Kxe7 41. Rd4 Ke6 42. f4 Nc7 43. Kf2 Nd5 44. Kf3 Nc3 45. a5 bxa5 46. bxa5 Nb5 47. Re4+ Kf6 48. Rc4 Ke6 49. Rc8 Kd5 {Ke4+} 1-0

[Event "African Games Rapid Open 2019"]
[Site "Casablanca"]
[Date "2019.08.27"]
[Round "7.9"]
[White "Khetho, Phemelo"]
[Black "Tissir, Mohamed"]
[Result "1/2-1/2"]
[ECO "B06"]
[WhiteElo "2178"]
[BlackElo "2379"]
[Annotator "NA"]
[PlyCount "97"]
[EventDate "2019.08.26"]
[EventType "team-tourn"]
[EventCountry "MAR"]
[SourceTitle "playchess.com"]
[Source "ChessBase"]
[SourceQuality "1"]
[TimeControl "900+10"]

1. e4 d6 2. d4 g6 3. Nc3 Bg7 4. Nf3 Nd7 5. Be2 e5 6. Be3 Ngf6 7. h3 O-O 8. Qd2 exd4 9. Nxd4 Re8 10. f3 d5 11. exd5 Nb6 12. O-O-O Nbxd5 13. Nxd5 Nxd5 14. Nb3 Qe7 15. Bg5 Qxe2 16. Qxe2 Rxe2 17. Rxd5 Be6 18. Rd2 Rxd2 19. Bxd2 b6 20. Bc3 Rd8 21. Bxg7 Kxg7 22. Nd2 f5 23. Re1 Kf6 24. b3 Rd7 25. c4 Bf7 26. Kc2 g5 27. g3 Bg6 28. f4 gxf4 29. gxf4 Bh5 30. Kc3 Rg7 31. Re3 Rg2 32. Rd3 Rh2 33. a3 Be2 34. Re3 h5 35. b4 h4 36. c5 Rg2 37. Nb3 Bf1 38. Nd4 Rg3 39. Kd2 Rxh3 40. Rxh3 Bxh3 41. Nf3 Bg2 42. Nxh4 Be4 43. Ke3 bxc5 44. bxc5 a5 45. Kd4 a4 46. Kc4 Bc6 47. Kd4 Be4 48. Kc4 Bc6 49. Kd4 {[%emt 0:00:01] Ke5+} 1/2-1/2

[Event "African Games Rapid Open 2019"]
[Site "Casablanca"]
[Date "2019.08.27"]
[Round "7.10"]
[White "Gohil, Mehul"]
[Black "Ssegwanyi, Arthur"]
[Result "0-1"]
[ECO "D32"]
[WhiteElo "2076"]
[BlackElo "2335"]
[Annotator "NA"]
[PlyCount "68"]
[EventDate "2019.08.26"]
[EventType "team-tourn"]
[EventCountry "MAR"]
[SourceTitle "playchess.com"]
[Source "ChessBase"]
[SourceQuality "1"]
[TimeControl "900+10"]

1. d4 d5 2. c4 e6 3. Nc3 c5 4. cxd5 cxd4 5. Qxd4 Nc6 6. Qa4 exd5 7. Bf4 Bb4 8. a3 Ba5 9. e3 Qf6 10. Rc1 Nge7 11. Nf3 O-O 12. Be2 h6 13. O-O Bf5 14. Rfd1 Rad8 15. b4 Bb6 16. b5 Na5 17. Qb4 Rfe8 18. Na4 Ng6 19. Bg3 Re4 20. Nd4 Bxd4 21. Rxd4 b6 22. Rcd1 Rxd4 23. Qxd4 Qe7 24. Qb4 Bc2 25. Rd2 Bxa4 26. Qxa4 Ne5 27. Bxe5 Qxe5 28. g3 Qc3 29. Rc2 Qe1+ 30. Kg2 Rd6 31. Bd3 Rd8 32. Rc7 d4 33. exd4 Qe6 34. Be2 Qxe2 0-1

[Event "African Games Rapid Open 2019"]
[Site "Casablanca"]
[Date "2019.08.27"]
[Round "7.12"]
[White "Ebosse, Kingue Victor Patric"]
[Black "Adu, Oladapo"]
[Result "0-1"]
[ECO "B51"]
[WhiteElo "2055"]
[BlackElo "2273"]
[Annotator "NA"]
[PlyCount "90"]
[EventDate "2019.08.26"]
[EventType "team-tourn"]
[EventCountry "MAR"]
[SourceTitle "playchess.com"]
[Source "ChessBase"]
[SourceQuality "1"]
[TimeControl "900+10"]

1. e4 c5 2. Nf3 d6 3. Bb5+ Nd7 4. O-O Ngf6 5. Re1 a6 6. Bf1 e6 7. c3 Be7 8. d4 e5 9. a4 b6 10. Bd3 O-O 11. Nbd2 Qc7 12. Nf1 Re8 13. Ng3 g6 14. h3 Bf8 15. d5 c4 16. Bc2 Rb8 17. Be3 Bg7 18. Qd2 Nc5 19. Bh6 Bh8 20. Ng5 Bg7 21. Bxg7 Kxg7 22. f4 exf4 23. Qxf4 h6 24. Rf1 Qe7 25. Nf3 Ncd7 26. Rae1 Ne5 27. Nd4 Bd7 28. Re2 Rf8 29. Ref2 Ng8 30. Kh2 Qg5 31. Qxg5 hxg5 32. Nf3 Nxf3+ 33. gxf3 b5 34. a5 Nf6 35. Kg2 Rh8 36. Rh1 Rh4 37. Ne2 Rbh8 38. Ng1 Nh5 39. Kf1 Ng3+ 40. Kg2 Nxh1 41. Kxh1 Bxh3 42. Kh2 Bf1+ 43. Kg3 Bh3 44. Ne2 Bd7 45. Rf1 Rh2 0-1

[Event "African Games Rapid Open 2019"]
[Site "Casablanca"]
[Date "2019.08.27"]
[Round "7.13"]
[White "Sang, Ricky"]
[Black "Oatlhotse, Providence"]
[Result "0-1"]
[ECO "A45"]
[WhiteElo "1971"]
[BlackElo "2252"]
[Annotator "ChessBase"]
[PlyCount "168"]
[EventDate "2019.08.26"]
[EventType "team-tourn"]
[EventCountry "MAR"]
[SourceTitle "playchess.com"]
[Source "ChessBase"]
[SourceQuality "1"]
[TimeControl "900+10"]

1. d4 Nf6 2. Bf4 d5 3. e3 c5 4. c3 Nc6 5. Nd2 Bg4 6. Be2 Bxe2 7. Nxe2 Qb6 8. Rb1 cxd4 9. exd4 e6 10. O-O Be7 11. Ng3 O-O 12. Nf3 Qa6 13. a3 Na5 14. Ne5 Nc4 15. Re1 Rac8 16. Qe2 Nxe5 17. Bxe5 Qxe2 18. Rxe2 Nd7 19. Bf4 Bh4 20. Nf1 Nb6 21. Nd2 Rc6 22. g3 Bf6 23. h4 h6 24. Kg2 Rfc8 25. Be5 Be7 26. h5 Na4 27. Nf1 Rb6 28. Rc2 Rxc3 29. Rxc3 Nxc3 30. Rc1 Ne4 31. Rc8+ Kh7 32. b4 f6 33. Bb8 Ra6 34. Re8 Bd6 35. Bxd6 Rxd6 36. Re7 Rb6 37. Ne3 Kg8 38. f3 Nc3 39. Rc7 Nb5 40. Rc8+ Kf7 41. Nc2 Rc6 42. Rxc6 bxc6 43. a4 Nc3 44. a5 Ke7 45. Kf2 e5 46. Ke3 Nb5 47. g4 Ke6 48. dxe5 fxe5 49. Ne1 d4+ 50. Kd3 Kd5 51. Nc2 a6 52. Ne1 Nd6 53. Nc2 c5 54. bxc5 Kxc5 55. Ne1 Kd5 56. Nc2 Kc5 57. Ne1 Nc4 58. Nc2 Nxa5 59. f4 Nc6 60. fxe5 Nxe5+ 61. Ke4 Nxg4 62. Nxd4 Nf6+ 63. Ke5 Ng4+ 64. Ke4 Nf6+ 65. Ke5 Nxh5 66. Ne6+ Kb4 67. Kf5 a5 68. Nd4 Nf6 69. Kg6 Ne8 70. Kf7 h5 71. Kxe8 h4 72. Kf7 h3 73. Nf3 g5 74. Nh2 a4 75. Kf6 a3 76. Kxg5 a2 77. Kh4 a1=Q 78. Kxh3 Kc4 79. Kg3 Kd3 80. Nf3 Ke3 81. Nh4 Qg1+ 82. Ng2+ Ke2 83. Kh3 Kf2 84. Nf4 Qg3# 0-1

[Event "African Games Rapid Open 2019"]
[Site "Casablanca"]
[Date "2019.08.27"]
[Round "7.14"]
[White "Amba, Oyon Marius Claude"]
[Black "Mushore, Emarald Takudzwa"]
[Result "0-1"]
[ECO "C84"]
[WhiteElo "1911"]
[BlackElo "2198"]
[Annotator "NA"]
[PlyCount "96"]
[EventDate "2019.08.26"]
[EventType "team-tourn"]
[EventCountry "MAR"]
[SourceTitle "playchess.com"]
[Source "ChessBase"]
[SourceQuality "1"]
[TimeControl "900+10"]

1. e4 e5 2. Nf3 Nc6 3. Bb5 a6 4. Ba4 Nf6 5. O-O Be7 6. d4 exd4 7. e5 Nd5 8. Nxd4 O-O 9. Nf5 Nb6 10. Qg4 g6 11. Bh6 Re8 12. Nc3 d5 13. Nxe7+ Qxe7 14. Qg3 Nxa4 15. Nxd5 Qxe5 16. Qxe5 Rxe5 17. Nxc7 Rb8 18. Bf4 Re4 19. Bg3 Nb6 20. Rad1 Bf5 21. Nxa6 Rd8 22. Rxd8+ Nxd8 23. Nc5 Rc4 24. Bc7 Rxc5 25. Bxb6 Rd5 26. c4 Rd7 27. Re1 Nc6 28. a3 Bc2 29. h3 Bb3 30. Re4 f5 31. Re8+ Kf7 32. Rh8 Kg7 33. Re8 Bxc4 34. b4 Bb5 35. Ra8 h5 36. h4 Ne5 37. a4 Ng4 38. g3 Bc6 39. Rd8 Rxd8 40. Bxd8 Bxa4 41. f3 Ne5 42. Kg2 Bc6 43. Bc7 Nxf3 44. b5 Be4 45. Kf2 Kf7 46. Ke3 g5 47. hxg5 Nxg5 48. Kd4 Ne6+ 0-1

[Event "African Games Rapid Open 2019"]
[Site "Casablanca"]
[Date "2019.08.27"]
[Round "7.16"]
[White "Traore, Bakary"]
[Black "Eichab, Charles"]
[Result "1/2-1/2"]
[ECO "C11"]
[WhiteElo "2189"]
[BlackElo "2016"]
[Annotator "NA"]
[PlyCount "88"]
[EventDate "2019.08.26"]
[EventType "team-tourn"]
[EventCountry "MAR"]
[SourceTitle "playchess.com"]
[Source "ChessBase"]
[SourceQuality "1"]
[TimeControl "900+10"]

1. e4 e6 2. d4 d5 3. Nc3 Nf6 4. e5 Nfd7 5. f4 c5 6. Nf3 Nc6 7. Be3 a6 8. Qd2 b5 9. dxc5 Bxc5 10. Bxc5 Nxc5 11. Nd4 Nxd4 12. Qxd4 Qb6 13. O-O-O Bb7 14. b4 Nd7 15. Qxb6 Nxb6 16. Ne2 Rc8 17. Nd4 Ke7 18. Bd3 Na4 19. Kd2 Nc3 20. Ra1 Rhd8 21. f5 g6 22. fxe6 fxe6 23. Rhf1 Ne4+ 24. Ke3 Rf8 25. a4 Rxf1 26. Bxf1 bxa4 27. Rxa4 Ra8 28. Ra5 Ng5 29. Nb3 Nf7 30. Kd4 Nd8 31. Kc5 Nc6 32. Ra1 Nxe5 33. Kb6 Bc8 34. Bxa6 Bxa6 35. Rxa6 Rb8+ 36. Ka5 Nc4+ 37. Ka4 Nb2+ 38. Ka3 Nc4+ 39. Ka4 Nb2+ 40. Ka3 Nc4+ 41. Ka4 Nb2+ 42. Ka5 Nc4+ 43. Ka4 Nb2+ 44. Ka3 Nc4+ 1/2-1/2

[Event "African Games Rapid Open 2019"]
[Site "Casablanca"]
[Date "2019.08.27"]
[Round "7.17"]
[White "Marie, Patrick"]
[Black "Beukes, Dante M"]
[Result "0-1"]
[ECO "B24"]
[WhiteElo "1921"]
[BlackElo "2130"]
[Annotator "NA"]
[PlyCount "46"]
[EventDate "2019.08.26"]
[EventType "team-tourn"]
[EventCountry "MAR"]
[SourceTitle "playchess.com"]
[Source "ChessBase"]
[SourceQuality "1"]
[TimeControl "900+10"]

1. e4 c5 2. Nc3 Nc6 3. Bc4 g6 4. d3 Bg7 5. f4 e6 6. f5 exf5 7. Nf3 Nge7 8. O-O O-O 9. Bg5 h6 10. Bh4 g5 11. Nxg5 hxg5 12. Bxg5 d5 13. Nxd5 Qd6 14. Nxe7+ Nxe7 15. Qh5 Be6 16. Rf3 fxe4 17. Bxe6 exf3 18. Bxe7 Qxe7 19. Bf5 Qe3+ 20. Kh1 fxg2+ 21. Kxg2 Qh6 22. Qf3 Rae8 23. Be4 Re5 0-1